 Dungeon Crawl Stone Soup version 0.29-a0-553-g81b289dbe5 (webtiles) character file.

Game seed: 11772786380305942524

18548 bande the Cleaver (level 12, -4/75 HPs)
             Began as a Gargoyle Fighter on June 7, 2022.
             Was a High Priest of Okawaru.
             Slain by a polar bear simulacrum (10 damage)
             ... on level 3 of the Lair of Beasts.
             The game lasted 00:26:10 (15418 turns).

bande the Cleaver (Gargoyle Fighter)               Turns: 15418, Time: 00:26:11

Health: -4/75      AC: 31    Str: 32    XL:     12   Next: 59%
Magic:  26/26      EV:  8    Int:  8    God:    Okawaru [*****.]
Gold:   920        SH:  7    Dex: 20    Spells: 11/11 levels left

rFire   . . .      SeeInvis .   v - +5 broad axe "Pomnibayt" {vamp, MP+9 Str+4 Dex+2}
rCold   . . .      Faith    .   c - +0 buckler
rNeg    + . .      Spirit   .   p - +0 plate armour
rPois   ∞          Reflect  .   g - +1 helmet
rElec   +          Harm     .   k - +0 cloak
rCorr   .          Rampage  .   K - +1 pair of gloves
Will    +....                   F - +1 pair of boots
Stlth   ..........              (no amulet)
HPRegen 0.22/turn               o - ring "Ipturu" {Str+6 Dex+5}
MPRegen 0.20/turn               B - ring of willpower

@: no status effects
A: sickness immunity, AC +8, negative energy resistance 1, electricity
resistance, torment resistance 1, petrification resistance
a: Renounce Religion, Heroism, Finesse, Duel


You were on level 3 of the Lair of Beasts.
You worshipped Okawaru.
Okawaru was extremely pleased with you.
You visited 3 branches of the dungeon, and saw 14 of its levels.
You also visited: Sewer and Bailey.

You collected 920 gold pieces.

Inventory:

Hand Weapons
 v - the +5 broad axe "Pomnibayt" (weapon) {vamp, MP+9 Str+4 Dex+2}
   (You acquired it on level 4 of the Dungeon)

   It occasionally heals its wielder for a portion of the damage dealt when it
   wounds a living foe.
   Str:       It affects your strength (+4).
   Dex:       It affects your dexterity (+2).
   MP:        It affects your magic capacity (+9).
 I - a +4 war axe of freezing
 N - a +3 scimitar of flaming
Armour
 c - a +0 buckler (worn)
 g - a +1 helmet (worn)
 k - a +0 cloak (worn)
 p - a +0 plate armour (worn)
 F - a +1 pair of boots (worn)
 G - a +0 hat
 J - the +1 plate armour of Follow the Leader {Drain rElec rN+ Dex+6}
   (Okawaru gifted it to you on level 1 of the Lair of Beasts)

   Dex:       It affects your dexterity (+6).
   rElec:     It insulates you from electricity.
   rN:        It protects you from negative energy.
   Drain:     It drains your maximum health when unequipped.
 K - a +1 pair of gloves (worn)
Jewellery
 o - the ring "Ipturu" (left hand) {Str+6 Dex+5}
   (You found it on level 3 of the Dungeon)

   [ring of strength]

   Str:       It affects your strength (+6).
   Dex:       It affects your dexterity (+5).
 B - a ring of willpower (right hand)
 E - a ring of resist corrosion
Wands
 q - a wand of flame (7)
 w - a wand of polymorph (15)
 C - a wand of mindburst (11)
 D - a wand of iceblast (10)
 L - a wand of paralysis (5)
 M - a wand of digging (1)
Scrolls
 i - 4 scrolls of teleportation
 l - 4 scrolls of poison
 m - a scroll of fog
 s - 5 scrolls of enchant weapon
 x - 2 scrolls of brand weapon
 y - 2 scrolls of enchant armour
 H - 2 scrolls of identify
Potions
 b - 5 potions of haste
 d - 2 potions of might
 e - 3 potions of ambrosia
 f - 4 potions of magic
 h - 6 potions of curing
 j - 3 potions of brilliance
 n - 4 potions of flight
 r - 6 potions of invisibility
 u - 2 potions of attraction {unknown}
 z - 2 potions of mutation {unknown}
 A - 2 potions of cancellation {unknown}


   Skills:
 + Level 8.7 Fighting
 + Level 0.4 Long Blades
 + Level 12.2 Axes
 + Level 9.4 Armour
 + Level 7.2 Shields
 * Level 7.6 Invocations
 * Level 6.4 Evocations


You had 11 spell levels left.
You didn't know any spells.
Your spell library contained the following spells:

 Spells                   Type           Power      Damage    Failure   Level
 Freeze                   Ice            0%         1d3       98%         1
 Poisonous Vapours        Pois/Air       0%         N/A       99%         2
 Static Discharge         Conj/Air       0%         N/A       99%         2
 Frozen Ramparts          Ice            0%         1d2       100%        3
 Corpse Rot               Necr/Pois/Air  0%         N/A       100%        4
 Dispel Undead            Necr           0%         3d6       100%        4
 Hailstorm                Conj/Ice       0%         3d3       100%        4
 Sticky Flame             Conj/Fire      0%         2d3       100%        4
 Orb of Destruction       Conj           0%         9d5       100%        7
 Summon Guardian Golem    Hex/Summ       Unusable   N/A       N/A         3
 Spellforged Servitor     Conj/Summ      Unusable   N/A       N/A         7

Dungeon Overview and Level Annotations

Branches:
Dungeon (10/15)            Temple (1/1) D:6            Lair (3/6) D:9
 Spider (0/4) Lair:3          Orc (0/2) D:9           Sewer (visited)
 Bailey (visited)
  Swamp: Lair:2-4    Shoals: Lair:2-4

Altars:
Ashenzari
Cheibriados
Dithmenos
Elyvilon
Fedhas
Gozag
Hepliaklqana
Kikubaaqudgha
Makhleb
Nemelex Xobeh
Okawaru
Qazlal
Ru
Sif Muna
Trog
Uskayaw
Vehumet
Wu Jian
Xom
Yredelemnul
Zin
The Shining One

Shops:
D:1 *   D:8 ?

Portals:
Ice
Cave: Lair:3

Annotations:
D:5 2 transporters, shadowstone's ghost, amateur GrFi
D:6 exclusion: oklob plant


Innate Abilities, Weirdness & Mutations

You are immune to sickness and miasma.
Your stone body is resilient. (AC +8)
You are immune to poison.
You resist negative energy. (rN+)
You are resistant to electric shocks. (rElec)
You are resistant to unholy torment.
You are immune to petrification.


Message History

Found a robe and a staff of cold.
Okay, then.
Found 25 stones.
Why would you want to do that? Why would you want to do that?
There is a shaft here.
Found a frozen archway.
Found a stone staircase leading up.
A polar bear simulacrum comes into view.
A cane toad simulacrum comes into view.
A bullfrog comes into view.
The bullfrog croaks.
You slash the cane toad simulacrum!
The cane toad simulacrum is severely damaged.
You slash the polar bear simulacrum! The cane toad simulacrum hits you.
The cane toad simulacrum freezes you!
* * * LOW HITPOINT WARNING * * *
The bullfrog releases a deep croak.
The cane toad simulacrum completely misses you.
You slash the bullfrog!
The bullfrog is heavily wounded.
You slice the cane toad simulacrum!!
The cane toad simulacrum vaporises!
Okawaru accepts your kill.
The bullfrog hits you but does no damage. x2
You slice the bullfrog!!
You kill the bullfrog!
Okawaru accepts your kill.
You slash the polar bear simulacrum!
The polar bear simulacrum bites you but does no damage.
The polar bear simulacrum claws you but does no damage.
The polar bear simulacrum claws you.
* * * LOW HITPOINT WARNING * * *
The polar bear simulacrum freezes you!
* * * LOW HITPOINT WARNING * * *
You see here a bullfrog corpse.
You feel better. The polar bear simulacrum bites you.
* * * LOW HITPOINT WARNING * * *
The polar bear simulacrum freezes you!
You die...

..........###.≈≈P######
..........≈≈....≈≈..#.#.
.........≈≈..≈≈≈........
P.......≈≈[..≈.........[
P..<.........≈.....†....
....................†...
..........|...^.........
.......Z................
.......@.........≈##.>..
....∩.........#≈≈≈≈###P#
........(##...###≈≈≈≈###
#.......####....###≈≈≈
##......^ ##.#.. ###
######## ####.. ##


You could see a polar bear simulacrum.

Vanquished Creatures
  Gastronok (D:9)
  A hydra (Lair:3)
  Erica (Lair:2)
  2 death yaks (Lair:2)
  Pikel (D:7)
  An orc knight (Bailey)
  2 black mambas (Lair:1)
  A torpor snail (Lair:2)
  4 cane toads
  2 rime drakes
  2 komodo dragons
  A meliai (Lair:3)
  9 blink frogs
  A hornet (D:7)
  A shadow (D:8)
  2 wyverns (D:9)
  A basilisk (Lair:1)
  18 yaks
  A steam dragon (D:4)
  3 wargs (D:9)
  3 water moccasins
  Duvessa (D:7)
  2 ice beasts
  A black bear (D:3)
  9 orc warriors
  3 ogres
  4 wolves (Lair:1)
  2 lemures (D:7)
  A kobold brigand (D:10)
  3 bullfrogs
  A necrophage (D:2)
  3 scorpions
  A cane toad simulacrum (Lair:3)
  18 wights
  Dowan (D:7)
  13 killer bees
  5 howler monkeys
  3 hounds
  4 orc priests
  5 jellies
  4 iguanas
  7 orc wizards
  A hell rat (Sewer)
  A mummy (D:5)
  9 adders
  2 river rats (Sewer)
  A shadow imp (D:5)
  An ufetubus (D:6)
  2 dart slugs
  43 orcs
  21 endoplasms
  7 giant cockroaches
  10 goblins
  9 hobgoblins
  3 jackals (D:1)
  16 kobolds
  2 quokkas
  6 ball pythons
  8 bats
  6 frilled lizards
  A hobgoblin zombie (D:5)
  A kobold zombie (D:5)
  2 orc zombies (D:5)
  15 rats
316 creatures vanquished.

Vanquished Creatures (others)
  A goblin (D:4)
  16 fungi
  18 plants
35 creatures vanquished.

Grand Total: 351 creatures vanquished

Notes
Turn   | Place    | Note
-------+----------+-------------------------------------------
     0 | D:1      | bande the Gargoyle Fighter began the quest for the Orb.
     0 | D:1      | Reached XP level 1. HP: 14/14 MP: 1/1
   240 | D:1      | Reached skill level 2 in Axes
   240 | D:1      | Reached XP level 2. HP: 19/19 MP: 2/2
   758 | D:1      | Found a faded altar of an unknown god.
  1033 | D:1      | Reached XP level 3. HP: 22/23 MP: 3/3
  1057 | D:1      | Found Pydeu's Assorted Antiques.
  1346 | D:2      | Found a shimmering altar of Xom.
  1550 | D:2      | Reached XP level 4. HP: 29/29 MP: 4/4
  1867 | D:2      | Noticed a necrophage
  1883 | D:2      | Killed a necrophage
  1884 | D:2      | Reached skill level 3 in Axes
  1884 | D:2      | Reached XP level 5. HP: 11/33 MP: 5/5
  2990 | D:3      | Noticed a black bear
  3010 | D:3      | Killed a black bear
  3011 | D:3      | Reached skill level 4 in Axes
  3011 | D:3      | Reached XP level 6. HP: 27/38 MP: 6/6
  3297 | D:3      | Identified the ring "Ipturu" {Str+6 Dex+5}
  3758 | D:4      | Found a glowing drain.
  3799 | Sewer    | Entered a sewer
  4046 | Sewer    | Reached XP level 7. HP: 44/44 MP: 7/7
  4110 | D:4      | Found a stormy altar of Qazlal.
  4325 | D:4      | Reached skill level 5 in Axes
  4409 | D:4      | Reached skill level 5 in Armour
  4888 | D:4      | Noticed a steam dragon
  4899 | D:5      | Entered Level 5 of the Dungeon
  4982 | D:5      | Reached skill level 5 in Fighting
  5309 | D:5      | Reached skill level 6 in Axes
  5309 | D:5      | Reached XP level 8. HP: 44/49 MP: 8/8
  5399 | D:5      | Found a transporter.
  5401 | D:5      | Noticed shadowstone's ghost (amateur GrFi)
  5426 | D:5      | Found a transporter.
  5703 | D:4      | Found a white marble altar of Elyvilon.
  5924 | D:4      | Identified a scroll of acquirement
  5924 | D:4      | Acquired the +5 broad axe "Pomnibayt" {vamp, MP+9 Str+4
                  | Dex+2}
  6425 | D:5      | Reached skill level 5 in Shields
  6699 | D:6      | Found a shimmering altar of Xom.
  6700 | D:6      | Found a shimmering altar of Xom.
  6703 | D:6      | Found a shimmering altar of Xom.
  6764 | D:6      | Reached skill level 7 in Axes
  6970 | D:6      | Found a staircase to the Ecumenical Temple.
  6984 | Temple   | Entered the Ecumenical Temple
  7107 | Temple   | Became a worshipper of Warmaster Okawaru
  7404 | D:6      | Reached XP level 9. HP: 55/55 MP: 9/9
  7407 | D:6      | Reached skill level 1 in Invocations
  7421 | D:6      | Reached skill level 1 in Evocations
  7575 | D:6      | Noticed an oklob plant
  8209 | D:7      | Reached skill level 8 in Axes
  8221 | D:7      | Noticed a hornet
  8231 | D:7      | Killed a hornet
  8239 | D:7      | Reached * piety under Okawaru
  8324 | D:7      | Found a flagged portal.
  8344 | Bailey   | Entered a bailey
  8983 | Bailey   | Noticed an orc knight
  9001 | Bailey   | Reached ** piety under Okawaru
  9007 | Bailey   | Killed an orc knight
  9008 | Bailey   | Reached XP level 10. HP: 44/61 MP: 12/12
  9215 | Bailey   | Reached skill level 9 in Axes
  9650 | D:7      | Noticed Pikel
  9662 | D:7      | Killed Pikel
  9917 | D:7      | Noticed Dowan
  9918 | D:7      | Noticed Duvessa
  9931 | D:7      | Killed Duvessa
  9937 | D:7      | Killed Dowan
  9958 | D:7      | Found a burning altar of Makhleb.
 10239 | D:8      | Reached *** piety under Okawaru
 10314 | D:8      | Found Biunest's Magic Scroll Shoppe.
 10613 | D:8      | Found a glowing golden altar of the Shining One.
 11010 | D:8      | Reached skill level 10 in Axes
 11326 | D:9      | Reached skill level 5 in Invocations
 11338 | D:9      | Reached **** piety under Okawaru
 11339 | D:9      | Reached XP level 11. HP: 67/67 MP: 14/14
 11358 | D:9      | Found a staircase to the Lair.
 11392 | D:9      | Found a staircase to the Orcish Mines.
 11521 | D:9      | Noticed Gastronok
 11531 | D:10     | Entered Level 10 of the Dungeon
 11856 | D:9      | Killed Gastronok
 11856 | D:9      | Reached ***** piety under Okawaru
 12241 | D:9      | Reached skill level 5 in Evocations
 12404 | D:9      | Found a shadowy altar of Dithmenos.
 12632 | Lair:1   | Entered Level 1 of the Lair of Beasts
 12666 | Lair:1   | Reached skill level 11 in Axes
 12832 | Lair:1   | Identified the +1 plate armour of Follow the Leader {Drain
                  | rElec rN+ Dex+6} (Okawaru gifted it to you on level 1 of
                  | the Lair of Beasts)
 12832 | Lair:1   | Received a gift from Okawaru
 13163 | Lair:1   | Reached XP level 12. HP: 47/73 MP: 17/17
 14273 | Lair:2   | Noticed a death yak
 14274 | Lair:2   | Noticed a death yak
 14302 | Lair:2   | Killed a death yak
 14302 | Lair:2   | Killed a death yak
 14391 | Lair:2   | Noticed Erica
 14412 | Lair:2   | Killed Erica
 14895 | Lair:2   | Reached skill level 12 in Axes
 15278 | Lair:3   | Noticed a five-headed hydra
 15289 | Lair:3   | Killed a one-headed hydra
 15323 | Lair:3   | Found a hole to the Spider Nest.
 15407 | Lair:3   | Found a frozen archway.
 15417 | Lair:3   | HP: 2/75 [polar bear simulacrum (12)]
 15418 | Lair:3   | Slain by a polar bear simulacrum

Illustrated notes

Levels and vault maps discovered:
D:1:      denvon_arrival_hothouse, layout_loops_ring, serial_shops,
          nicolae_shop_advertising_works [nicolae_subvault_shop_adworks],
          serial_forest, infiniplex_forest_straight_3,
          infiniplex_forest_straight_2, infiniplex_forest_zigzag_2,
          infiniplex_forest_zigzag_1, infiniplex_forest_split,
          infiniplex_forest_straight_5, infiniplex_forest_lined_3,
          infiniplex_forest_zigzag_2, hellmonk_ecumenical_altar_prayer_group,
          serial_bayou_ford_a
D:2:      layout_loops_ring, basic_altar
D:3:      minmay_thinvault, layout_basic
D:4:      layout_gridville, nicolae_qazlal_general_emergency,
          nicolae_elyvilon_temple_path, gup_sewer_entry_glass,
          grunt_decor_junction
D:5:      layout_loops_ring, gammafunk_ghost_smash, minmay_mini_ossuary
D:6:      lemuel_slime, layout_basic, xom_redecorated,
          minmay_temple_entry_stoned_glass, kennysheep_generic_room_12
D:7:      layout_basic, makhleb_heckhound_becter, enter_bailey_4, uniq_pikel,
          uniq_duvessa
D:8:      layout_loops_ring, lemuel_crystal_altar, serial_shops, shop,
          dk_noncrumbling_3
D:9:      layout_cave_pools, mainiacjoe_overflow_surrounded_room,
          erik_lair_orcish_takeover, uniq_gastronok
D:10:     lemuel_castle_with_subvaults [lemuel_castle_interior_carwin_1],
          layout_stronghold, uniq_sonja, uniq_josephine
Temple:   eino_temple_rhombus
Lair:1:   layout_regular_city, lemuel_fruit_fields, lemuel_fruit_tree
Lair:2:   gammafunk_indiana_jones, layout_small_grid, uniq_erica
Lair:3:   layout_hall_layers, hellmonk_spider_entry_not_the_bees,
          portal_ice_cave_entry_ice_simulacra, serial_rivers,
          chequers_serial_rivers_micro_b, chequers_serial_rivers_micro_e,
          chequers_serial_rivers_large_b, chequers_serial_rivers_room_a,
          chequers_serial_rivers_room_a, chequers_serial_rivers_small_b

Skill      XL: |  1  2  3  4  5  6  7  8  9 10 11 12 |
---------------+-------------------------------------+-----
Axes           | 2 3 4 6 7 8 10 11 12 | 12.2
Armour         | 4 5 6 7 8 9 |  9.4
Fighting       | 4 5 6 7 8 |  8.7
Shields        | 4 5 6 7 |  7.2
Invocations    | 3 5 6 7 |  7.6
Evocations     | 3 4 5 6 |  6.4
Long Blades    | |  0.4

Action                   |  1- 3 |  4- 6 |  7- 9 | 10-12 || total
-------------------------+-------+-------+-------+-------++-------
Melee: War axe           |   123 |   182 |    68 |       ||   373
       Broad axe         |       |       |   183 |   391 ||   574
       Scimitar          |       |       |       |     7 ||     7
Invok: Heroism           |       |       |       |     2 ||     2
  Use: Scroll            |     2 |     3 |    13 |     4 ||    22
       Potion            |       |       |     3 |     3 ||     6
Armor: Scale mail        |    67 |    26 |       |       ||    93
       Chain mail        |       |   113 |       |       ||   113
       Plate armour      |       |    10 |   215 |   322 ||   547
Dodge: Dodged            |    61 |    61 |   119 |   142 ||   383
Block: Buckler           |    25 |    57 |    98 |   147 ||   327

Table legend: (Time is in decaauts)
 A = Elapsed time spent in this place.
 B = Non-inter-level travel time spent in this place.
 C = Inter-level travel time spent in this place.
 D = Time resting spent in this place.
 E = Time spent auto-exploring this place.
 F = Levels seen in this place.
 G = Mean time per level.
                   A        B        C        D        E       F      G
               +--------+--------+--------+--------+--------+-----+--------+
         Total |  15715 |  15379 |    336 |   3612 |   8292 |  16 |  982.2 |
       Dungeon |  11021 |  10784 |    237 |   2228 |   6357 |  10 | 1102.1 |
        Temple |    335 |    322 |     13 |    176 |    111 |   1 |  335.0 |
          Lair |   2822 |   2736 |     86 |    186 |   1680 |   3 |  940.7 |
         Sewer |    311 |    311 |      0 |    172 |     39 |   1 |  311.0 |
        Bailey |   1225 |   1225 |      0 |    850 |    104 |   1 | 1225.0 |
               +--------+--------+--------+--------+--------+-----+--------+

Top non-repeatable levels by time:
     D:4: 1631 daAuts
  Lair:1: 1524 daAuts
     D:1: 1356 daAuts
  Bailey: 1225 daAuts
     D:6: 1215 daAuts
     D:2: 1213 daAuts
     D:5: 1188 daAuts
     D:3: 1124 daAuts
     D:8: 1105 daAuts
  Lair:2: 1099 daAuts
     D:9: 1057 daAuts
     D:7: 838 daAuts
  Temple: 335 daAuts
   Sewer: 311 daAuts
    D:10: 290 daAuts
